AoeStats
← nini1294

Arena

510485612Analyzed
4v4 RM · 17h ago on Oct 1, 2026· 50m 1s· 8 players
Game mode
Random Map
Map size
Large (8 player)
Population
200
Speed
Normal
Resources
Standard
Victory
Conquest
Starting age
Dark Age
Ending age
Imperial Age
RankedLock teamsTeams togetherTeam positionsShared explorationLock speedFull tech treeHidden civsTurbo modeCheats
Victory
Defeat
🇪🇸 Danes · Spain
1029
+17
🇦🇺 Inca · Australia
1026
+17
🇮🇳 Turks · India
1014
+17
🇨🇳 Poles · China
988
+18
🇺🇸 Berbers · United States
1085
-20
🇪🇸 Japanese · Spain
1070
-18
🇬🇧 Malay · United Kingdom
1041
-17
🇺🇸 Huns · United States
963
-14
赢嘤嘤嘤嘤因
9:28 Feudal Age
14:27 Castle Age
12:29 Double-Bit Axe
13:36 Horse Collar
15:50 Bow Saw
15:43 Heavy Plow
22:25 Wheelbarrow
29:02 Imperial Age
26:20 Loom
28:28 Scale Barding Armor
28:25 Padded Archer Armor
29:18 Husbandry
29:11 Cavalier
31:10 Hand Cart
30:56 Gold Mining
30:57 Stone Mining
31:31 Chain Barding Armor
31:27 Leather Archer Armor
31:02 Fletching
31:25 Forging
32:56 Bloodlines
32:06 Light Cavalry
33:11 Winged Hussar
34:42 Szlachta Privileges
40:01 Iron Casting
38:52 Crossbowman
39:37 Thumb Ring
39:56 Bodkin Arrow
40:26 Ballistics
41:06 Chemistry
39:39 Arbalester
50:09 Stone Shaft Mining
Aquillo
11:02 Feudal Age
14:59 Castle Age
14:55 Double-Bit Axe
15:03 Stone Mining
15:58 Horse Collar
16:12 Gold Mining
18:45 Heavy Plow
19:25 Gold Shaft Mining
19:40 Forging
20:00 Town Watch
22:58 Bow Saw
23:17 Loom
24:53 Iron Casting
24:51 Scale Mail Armor
25:57 Squires
25:43 Arson
26:45 Wheelbarrow
27:12 Pikeman
28:45 Hand Cart
37:37 Imperial Age
37:28 Chain Mail Armor
39:09 Crop Rotation
39:13 Plate Mail Armor
39:53 Elite Kamayuk
40:55 Conscription
41:52 Halberdier
43:37 Blast Furnace
43:32 Fabric Shields
44:28 Hoardings
46:14 Fletching
46:32 Town Patrol
Strike90
10:12 Feudal Age
14:15 Castle Age
13:36 Loom
18:29 Double-Bit Axe
19:17 Horse Collar
22:17 Wheelbarrow
23:24 Forging
24:56 Scale Mail Armor
33:13 Arson
36:10 Iron Casting
38:14 Chain Mail Armor
41:38 Hand Cart
41:24 Gambesons
41:40 Squires
42:28 Hamask
42:34 Pikeman
45:25 Bow Saw
45:27 Gold Mining
45:30 Stone Mining
50:12 Heavy Plow
nini1294
12:14 Feudal Age
13:40 Double-Bit Axe
13:44 Town Watch
16:06 Castle Age
14:21 Gold Mining
14:15 Horse Collar
21:24 Imperial Age
22:15 Loom
23:13 Wheelbarrow
22:54 Bow Saw
23:37 Gold Mining
24:26 Padded Archer Armor
27:52 Leather Archer Armor
28:42 Fletching
30:38 Gold Shaft Mining
32:11 Hand Cart
32:41 Ring Archer Armor
39:52 Two-Man Saw
40:06 Conscription
39:47 Artillery
44:31 Hoardings
44:42 Ballistics
44:34 Masonry
48:52 Thumb Ring
48:43 Bodkin Arrow
48:55 Scale Barding Armor
48:55 Treadmill Crane
49:46 Architecture
49:38 Bombard Tower
50:11 Bloodlines
Sonhero1
1:25 Loom
10:46 Feudal Age
11:21 Horse Collar
17:47 Castle Age
16:00 Stone Mining
16:13 Double-Bit Axe
18:14 Wheelbarrow
18:48 Bow Saw
19:42 Heavy Plow
23:58 Gold Mining
24:51 Marauders
26:12 Hand Cart
31:09 Imperial Age
29:49 Scale Barding Armor
29:54 Forging
29:45 Scale Mail Armor
31:05 Chain Barding Armor
30:44 Town Watch
32:11 Bloodlines
33:36 Two-Man Saw
33:41 Plate Barding Armor
33:21 Chain Mail Armor
33:41 Iron Casting
33:46 Elite Skirmisher
35:42 Guilds
41:34 Gold Shaft Mining
44:16 Husbandry
45:40 Town Patrol
48:16 Parthian Tactics
MonsterSmeat
10:31 Feudal Age
12:30 Double-Bit Axe
12:35 Horse Collar
16:48 Castle Age
15:52 Gold Mining
15:54 Stone Mining
15:56 Loom
17:04 Wheelbarrow
21:34 Fletching
24:02 Husbandry
25:00 Bloodlines
25:33 Bodkin Arrow
25:39 Padded Archer Armor
25:45 Scale Barding Armor
31:19 Imperial Age
30:06 Leather Archer Armor
30:12 Chain Barding Armor
30:03 Forging
30:26 Light Cavalry
33:11 Thumb Ring
33:25 Hussar
35:52 Plate Barding Armor
35:18 Bracer
35:49 Ring Archer Armor
38:53 Conscription
39:00 Conscription
38:47 Heated Shot
39:18 Ballistics
39:41 Gold Shaft Mining
39:46 Stone Shaft Mining
43:06 Iron Casting
45:21 Chemistry
44:32 Heavy Plow
Donelson
7:24 Loom
9:52 Feudal Age
10:37 Horse Collar
11:07 Double-Bit Axe
18:06 Castle Age
17:02 Gold Mining
17:24 Town Watch
17:12 Man-at-Arms
17:56 Long Swordsman
22:07 Arson
22:53 Heavy Plow
23:28 Forging
27:59 Bow Saw
30:03 Iron Casting
31:29 Pikeman
33:19 Wheelbarrow
33:35 Squires
36:40 Imperial Age
35:37 Halberdier
39:58 Blast Furnace
41:16 Scale Barding Armor
42:03 Hand Cart
45:43 Fletching
45:53 Padded Archer Armor
46:47 Elite Genitour
likkus
6:55 Loom
10:41 Feudal Age
12:08 Double-Bit Axe
15:15 Wheelbarrow
16:42 Castle Age
15:21 Horse Collar
17:38 Bow Saw
22:48 Heavy Plow
25:30 Forging
25:46 Scale Mail Armor
28:06 Wheelbarrow
31:17 Imperial Age
31:09 Gold Mining
31:27 Arson
31:04 Pikeman
31:45 Squires
32:34 Conscription
32:35 Kataparuto
34:40 Iron Casting
34:20 Chain Mail Armor
34:34 Halberdier
35:38 Siege Engineers
35:44 Fortified Wall
36:36 Chemistry
35:57 Ballistics
35:44 Halberdier
38:13 Blast Furnace
37:43 Plate Mail Armor
38:44 Two-Man Saw
40:08 Siege Engineers
40:48 Elite Samurai
43:10 Padded Archer Armor
43:01 Fletching
43:54 Elite Skirmisher
46:49 Leather Archer Armor
46:29 Bodkin Arrow
48:08 Ring Archer Armor
Connection lost

Rejoining the realm…

Still unreachable

The connection could not be restored.

Session expired

The server has moved on; the page needs a fresh start.